 Dungeon Crawl Stone Soup version 0.31-a0-771-g505c3d19dc (webtiles) character file.

Game seed: 10790346547317182542

81608 Joey1 the Severer (level 15, -23/149 HPs)
             Began as a Minotaur Fighter on Sept 16, 2023.
             Was the Champion of Okawaru.
             Annihilated by a spriggan defender simulacrum (55 damage)
             ... on level 1 of the Snake Pit.
             The game lasted 01:11:17 (25766 turns).

Joey1 the Severer (Minotaur Fighter)               Turns: 25766, Time: 01:11:18

Health: -23/149    AC: 20    Str: 32    XL:     15   Next: 27%
Magic:  21/21      EV: 15    Int:  8    God:    Okawaru [******]
Gold:   122        SH:  0    Dex:  6    Spells: 14/14 levels left

rFire   + . .        d - +5 battleaxe
rCold   x . .        (shield currently unavailable)
rNeg    . . .        u - +0 plate armour
rPois   +            U - +2 hat of Contentment {rElec rF+ rC- Str+2}
rElec   +            J - +0 cloak of the Cobbler {rElec Str+2 Int+3 Dex-4}
rCorr   .            X - +0 pair of gloves
SInv    .            N - +0 pair of boots
Will    +....        W - amulet of the acrobat Stlth
                     a - +5 ring of evasion
HPRegen 0.44/turn    Y - ring of poison resistance
MPRegen 0.17/turn

%: acrobat
@: no status effects
A: horns 2, retaliatory headbutt
a: Renounce Religion, Heroism, Finesse, Duel


You were on level 1 of the Snake Pit.
You worshipped Okawaru.
Okawaru was exalted by your worship.
You visited 6 branches of the dungeon, and saw 21 of its levels.
You also visited: Sewer, Ossuary and Bailey.

You collected 1708 gold pieces.
You spent 1586 gold pieces at shops.

Inventory:

Hand Weapons
 d - a +5 battleaxe (weapon)
 M - a +4 hand axe
 V - a +1 spear of flaming
 Z - a +5 eveningstar
Missiles
 k - 8 javelins
 o - 3 curare-tipped darts
 Q - a throwing net
Armour
 c - a +0 buckler
 u - a +0 plate armour (worn)
 J - the +0 cloak of the Cobbler (worn) {rElec Str+2 Int+3 Dex-4}
   (Okawaru gifted it to you on level 5 of the Lair of Beasts)

   Str+2:     It affects your strength (+2).
   Int+3:     It affects your intelligence (+3).
   Dex-4:     It affects your dexterity (-4).
   rElec:     It insulates you from electricity.
 K - the +2 hat of Naugogoakk {rN+ Int+3}
   (Okawaru gifted it to you on level 3 of the Lair of Beasts)

   Int+3:     It affects your intelligence (+3).
   rN+:       It protects you from negative energy.
 N - a +0 pair of boots (worn)
 S - a +0 leather armour of cold resistance
 U - the +2 hat of Contentment (worn) {rElec rF+ rC- Str+2}
   (You found it on level 8 of the Dungeon)

   Str+2:     It affects your strength (+2).
   rF+:       It protects you from fire.
   rC-:       It makes you vulnerable to cold.
   rElec:     It insulates you from electricity.
 X - a +0 pair of gloves (worn)
Jewellery
 a - a +5 ring of evasion (left hand)
 e - a ring of see invisible
 f - a ring of positive energy
 x - an amulet of guardian spirit
 A - the ring "Vegy" {*Slow rElec rF+ rCorr MP+9}
   (You found it in an ossuary)

   [ring of protection from fire]

   rF+:       It protects you from fire.
   rElec:     It insulates you from electricity.
   MP+9:      It affects your magic capacity (+9).
   rCorr:     It protects you from acid and corrosion.
   *Slow:     It may slow you when you take damage.
 L - a ring of flight
 W - an amulet of the acrobat (around neck)
 Y - a ring of poison resistance (right hand)
Wands
 l - a wand of polymorph (3)
 n - a wand of digging (6)
 s - a wand of flame (32)
 t - a wand of iceblast (14)
Scrolls
 b - a scroll of brand weapon {unknown}
 h - 4 scrolls of enchant armour
 i - a scroll of poison {unknown}
 m - 10 scrolls of fog
 p - 7 scrolls of teleportation
 q - a scroll of silence {unknown}
 r - 5 scrolls of revelation
 w - 7 scrolls of fear
 y - a scroll of blinking
 R - 2 scrolls of enchant weapon
Potions
 g - 6 potions of haste
 j - 2 potions of attraction {unknown}
 v - 2 potions of ambrosia {unknown}
 z - 7 potions of curing
 B - 3 potions of lignification {unknown}
 C - 2 potions of cancellation {unknown}
 E - 6 potions of brilliance
 F - 3 potions of resistance
 G - 4 potions of degeneration {unknown}
 H - 2 potions of enlightenment
 I - 3 potions of mutation {unknown}
 O - 3 potions of invisibility {unknown}
 P - 2 potions of magic {unknown}
 T - a potion of might


   Skills:
 + Level 17.8 Fighting
 - Level 18.0 Axes
 - Level 6.0 Throwing
 - Level 10.0 Armour
 - Level 9.0 Dodging
 - Level 5.0 Shields
 - Level 10.0 Invocations
 - Level 7.0 Evocations


You had 14 spell levels left.
You didn't know any spells.
Your spell library contained the following spells:

 Spells                   Type           Power      Damage    Failure   Level
 Foxfire                  Conj/Fire      0%         2x1d4     95%         1
 Freeze                   Ice            0%         1d3       95%         1
 Magic Dart               Conj           0%         1d3       95%         1
 Sting                    Tmut/Pois      0%         1d3       95%         1
 Cigotuvi's Dreadful Rot  Necr/Pois/Air  0%         N/A       99%         2
 Ensorcelled Hibernation  Hex/Ice        0%         N/A       99%         2
 Jinxbite                 Hex            0%         N/A       99%         2
 Momentum Strike          Conj/Tloc      0%         3d8       99%         2
 Passwall                 Tmut/Erth      0%         N/A       99%         2
 Poisonous Vapours        Pois/Air       0%         N/A       99%         2
 Static Discharge         Conj/Air       0%         2-2/arc   99%         2
 Dazzling Flash           Conj/Hex       0%         N/A       100%        3
 Frozen Ramparts          Ice            0%         1d1       100%        3
 Hailstorm                Conj/Ice       0%         3d3       100%        3
 Ignite Poison            Fire/Tmut/Pois 0%         N/A       100%        3
 Mephitic Cloud           Conj/Pois/Air  0%         N/A       100%        3
 Stone Arrow              Conj/Erth      0%         3d7       100%        3
 Anguish                  Hex/Necr       0%         N/A       100%        4
 Dispel Undead            Necr           0%         3d6       100%        4
 Manifold Assault         Tloc           0%         N/A       100%        4
 Agony                    Necr           0%         N/A       100%        5
 Freezing Cloud           Conj/Ice/Air   0%         6-21      100%        5
 Silence                  Hex/Air        0%         N/A       100%        5
 Conjure Ball Lightning   Conj/Air       0%         3x3d6     100%        6
 Dispersal                Tloc           0%         N/A       100%        6
 Eringya's Noxious Bog    Tmut/Pois      0%         4d6       100%        6
 Leda's Unmaking          Conj/Erth      0%         9d1       100%        6
 Plasma Beam              Fire/Air       0%         2x1d10    100%        6
 Starburst                Conj/Fire      0%         6d3       100%        6
 Borgnjor's Revivificati  Necr           0%         N/A       100%        8
 Disjunction              Tloc           0%         N/A       100%        8
 Lehudib's Crystal Spear  Conj/Erth      0%         10d2      100%        8
 Death's Door             Necr           0%         N/A       100%        9
 Call Imp                 Summ           Unusable   N/A       N/A         2
 Call Canine Familiar     Summ           Unusable   N/A       N/A         3
 Animate Armour           Summ/Erth      Unusable   N/A       N/A         4
 Death Channel            Necr           Unusable   N/A       N/A         6
 Haunt                    Necr/Summ      Unusable   N/A       N/A         7
 Monstrous Menagerie      Summ           Unusable   N/A       N/A         7

Dungeon Overview and Level Annotations

Branches:
Dungeon (11/15)            Temple (1/1) D:4            Lair (5/5) D:11
  Swamp (0/4) Lair:2        Snake (1/4) Lair:2        Slime (0/5) Lair:5
    Orc (2/2) D:11            Elf (1/3) Orc:2         Sewer (visited)
Ossuary (visited)          Bailey (visited)

Altars:
Ashenzari
Cheibriados
Dithmenos
Elyvilon
Fedhas
Gozag
Hepliaklqana
Kikubaaqudgha
Makhleb
Nemelex Xobeh
Okawaru
Qazlal
Ru
Sif Muna
Trog
Uskayaw
Vehumet
Wu Jian
Xom
Yredelemnul
Zin
The Shining One
Jiyva

Shops:
D:3 :   D:5 =:?:(   Orc:2 [([!

Portals:
Ice
Cave: Snake:1

Annotations:
Temple 2 transporters


Innate Abilities, Weirdness & Mutations

You have a pair of horns on your head.
You reflexively headbutt those who attack you in melee.


Message History

A minotaur simulacrum and a dire elephant simulacrum come into view.
The minotaur simulacrum moves out of view.
You carve the dire elephant simulacrum like a ham!!!
The dire elephant simulacrum is severely damaged.
A spriggan defender simulacrum comes into view.
You slice the dire elephant simulacrum!!
The dire elephant simulacrum vaporises!
Okawaru accepts your kill.
You closely miss the spriggan defender simulacrum.
The spriggan defender simulacrum hits you!
The spriggan defender simulacrum freezes you!!!
You feel a terrible chill!
A minotaur simulacrum comes into view.
The spriggan defender simulacrum hits you but does no damage.
You closely miss the spriggan defender simulacrum.
The spriggan defender simulacrum hits you.
The spriggan defender simulacrum freezes you!!!
You feel a terrible chill!
* * * LOW HITPOINT WARNING * * *
Blink to where?
Press: ? - help, Dir - move target
As you read the scroll of blinking, it crumbles to dust.
You hear the steady crackling of a distant melting archway.
You see here a book of the Tundra.
You feel much better.
You slice the spriggan defender simulacrum!!
Your headbutt misses the spriggan defender simulacrum.
The spriggan defender simulacrum is heavily damaged.
The spriggan defender simulacrum hits you but does no damage.
You closely miss the spriggan defender simulacrum.
Your headbutt misses the spriggan defender simulacrum.
The spriggan defender simulacrum is heavily damaged.
The spriggan defender simulacrum hits you but does no damage.
You barely miss the spriggan defender simulacrum.
The spriggan defender simulacrum is heavily damaged.
The spriggan defender simulacrum hits you!
* * * LOW HITPOINT WARNING * * *
The spriggan defender simulacrum freezes you!!!
You feel a terrible chill!
You die...

...........
........................
.........................
..........................
............................
.....>......................
..........................#
..........................#
#...............@.........#
#..........##....Z.......#####
.........................#...# ##
...................Z.........###.
#....................... .#
#.......###............. .#
##......## ##............ .##
###.......# ##............ ).##
##..[.......###.............


You could see 2 spriggan defender simulacra.

Vanquished Creatures
  Gastronok (Lair:3)
  2 orc warlords
  Nessos (Lair:4)
  A fire dragon (Lair:5)
  Snorg (Lair:4)
  3 hydras
  3 anacondas (Snake:1)
  Erica (D:8)
  A catoblepas (Lair:5)
  4 two-headed ogres
  4 boulder beetles
  7 death yaks (Lair:1)
  A naga warrior (Snake:1)
  Urug (D:10)
  A shock serpent (Snake:1)
  2 orc high priests (Orc:2)
  A fire crab (Lair:5)
  2 skysharks
  A naga ritualist (Snake:1)
  3 deep elf pyromancers
  2 orc knights (Orc:2)
  2 lindwurms
  2 orc sorcerers
  3 deep elf zephyrmancers (Elf:1)
  An ugly thing (D:11)
  A cyclops (D:11)
  13 elephants
  3 molten gargoyles (Lair:5)
  2 torpor snails (Lair:1)
  12 black mambas
  18 cane toads
  An unseen horror (D:11)
  3 gargoyles
  5 rime drakes
  2 kobold demonologists (D:11)
  13 komodo dragons
  2 tyrant leeches (Lair:2)
  9 polar bears
  A troll (D:11)
  A hornet (D:9)
  6 dream sheep (Lair:5)
  11 blink frogs
  2 jumping spiders (D:8)
  A slime creature (D:7)
  A vampire (D:7)
  2 shadows
  A dire elephant simulacrum (Snake:1)
  30 yaks
  4 wyverns
  2 basilisks (Lair:5)
  2 wraiths
  3 steam dragons
  A redback (D:8)
  A swamp worm (Lair:2)
  4 wargs (Orc:2)
  A harpy simulacrum (Snake:1)
  3 nagas
  3 hell hounds (Lair:5)
  14 water moccasins
  2 sky beasts (D:7)
  40 orc warriors
  A swamp drake (Orc:2)
  2 black bears (Lair:1)
  7 wolves
  6 ogres
  A centaur (D:10)
  4 phantoms
  10 kobold brigands
  14 scorpions
  10 bullfrogs
  4 gnoll sergeants
  10 wights
  5 killer bees (D:7)
  4 electric eels
  A crimson imp (Orc:2)
  7 lava snakes
  A centaur zombie (Ossuary)
  3 human zombies (Ossuary)
  A hound (D:5)
  2 jellies
  20 orc priests
  An iron imp (Orc:2)
  2 sleepcaps
  Ijyb (D:5)
  20 orc wizards
  4 scorpion zombies (Ossuary)
  3 mummies (Ossuary)
  20 gnolls
  7 river rats
  10 adders
  A shadow imp (Orc:2)
  A white imp (D:6)
  2 worms (Sewer)
  2 dart slugs
  93 orcs
  17 endoplasms
  2 giant cockroaches
  3 gnoll zombies (Ossuary)
  9 goblins
  11 hobgoblins
  8 jackals (D:3)
  A quokka (D:3)
  6 ball pythons
  3 bats (D:1)
  A frilled lizard (D:1)
  2 goblin zombies (Ossuary)
  4 hobgoblin zombies (Ossuary)
  30 kobolds
  2 orc zombies (Ossuary)
  10 rats
660 creatures vanquished.

Vanquished Creatures (others)
  A white imp (Orc:2)
1 creature vanquished.

Grand Total: 661 creatures vanquished

Notes
Turn   | Place    | Note
-------+----------+-------------------------------------------
     0 | D:1      | Joey1 the Minotaur Fighter began the quest for the Orb.
     0 | D:1      | Reached XP level 1. HP: 19/19 MP: 0/0
   103 | D:1      | Reached XP level 2. HP: 27/27 MP: 1/1
   175 | D:1      | Reached skill level 1 in Dodging
   324 | D:1      | Found a faded altar of an unknown god.
   567 | D:2      | Reached skill level 3 in Axes
   598 | D:2      | Reached XP level 3. HP: 31/33 MP: 2/2
   875 | D:2      | Got a colourful
  1178 | D:3      | Reached XP level 4. HP: 29/41 MP: 3/3
  1392 | D:3      | Found a glowing drain.
  1432 | Sewer    | Entered a sewer
  1469 | Sewer    | Noticed a kobold brigand
  1480 | Sewer    | Killed a kobold brigand
  1481 | Sewer    | Reached skill level 4 in Axes
  1481 | Sewer    | Reached XP level 5. HP: 44/47 MP: 4/4
  1628 | Sewer    | Reached skill level 5 in Fighting
  1641 | Sewer    | Reached skill level 5 in Shields
  1713 | Sewer    | Reached XP level 6. HP: 41/56 MP: 5/5
  1821 | Sewer    | Reached skill level 5 in Axes
  1984 | Sewer    | Reached skill level 6 in Axes
  2056 | Sewer    | Reached XP level 7. HP: 51/61 MP: 6/6
  2184 | Sewer    | Reached skill level 7 in Axes
  2594 | D:3      | Found Leammah's Book Emporium.
  3392 | D:4      | Found a staircase to the Ecumenical Temple.
  3405 | Temple   | Found a transporter.
  3405 | Temple   | Found a transporter.
  3405 | Temple   | Found a transporter.
  3405 | Temple   | Found a transporter.
  3405 | Temple   | Entered the Ecumenical Temple
  3478 | D:4      | Got an illuminated
  3534 | D:4      | Found a white marble altar of Elyvilon.
  3575 | D:4      | Reached skill level 8 in Axes
  3756 | D:4      | Found a basalt altar of Yredelemnul.
  4173 | D:5      | Entered Level 5 of the Dungeon
  4173 | D:5      | Noticed a +0 triple sword
  4176 | D:5      | Found Foishroy's Weapon Shop.
  4178 | D:5      | Noticed a +0 executioner's axe
  4191 | D:5      | Found Moupoim's Self-Published Books.
  4195 | D:5      | Noticed Ijyb
  4202 | D:5      | Killed Ijyb
  4312 | D:5      | Reached skill level 9 in Axes
  4442 | D:5      | Found a sand-covered staircase.
  4483 | Ossuary  | Entered an ossuary
  4495 | Ossuary  | Reached XP level 8. HP: 68/68 MP: 7/7
  4525 | Ossuary  | Reached skill level 10 in Axes
  4751 | Ossuary  | Reached skill level 11 in Axes
  4775 | Ossuary  | Identified the ring "Vegy" {*Slow rElec rF+ rCorr MP+9}
  4912 | Ossuary  | Reached skill level 12 in Axes
  5175 | D:5      | Found Asuiss's Book Shoppe.
  5178 | D:5      | Found Veshru's Magic Scroll Emporium.
  5179 | D:5      | Found Meocva's Jewellery Shop.
  5190 | D:5      | Bought a scroll of blinking for 105 gold pieces
  5190 | D:5      | Bought a scroll of identify for 28 gold pieces
  5735 | D:6      | Found a shadowy altar of Dithmenos.
  5898 | D:6      | Reached XP level 9. HP: 72/74 MP: 8/8
  6046 | D:6      | Reached skill level 13 in Axes
  6639 | D:7      | Found an iron altar of Okawaru.
  6657 | D:7      | Reached skill level 14 in Axes
  6827 | D:7      | Got an engraved
  6942 | D:7      | Reached skill level 15 in Axes
  7245 | D:7      | Noticed a two-headed ogre
  7246 | D:7      | Noticed a boulder beetle
  7422 | D:8      | Found a bloodstained altar of Trog.
  7667 | D:8      | Found a flagged portal.
  7676 | Bailey   | Entered a bailey
  7694 | Bailey   | Noticed an orc warlord
  7824 | Bailey   | Found a runed translucent gate.
  7824 | Bailey   | Found a runed translucent gate.
  7857 | Bailey   | Found a runed translucent gate.
  7886 | Bailey   | Reached XP level 10. HP: 53/81 MP: 9/9
  8033 | Bailey   | Killed an orc warlord
  8034 | Bailey   | Reached skill level 16 in Axes
  8343 | D:8      | Noticed Erica
  8344 | D:8      | Reached skill level 17 in Axes
  8344 | D:8      | Reached XP level 11. HP: 100/102 MP: 10/10
  8376 | D:8      | Killed Erica
  8377 | D:8      | Reached skill level 18 in Axes
  8692 | D:8      | Reached skill level 1 in Evocations
  8791 | D:8      | Found a runed translucent door.
  8823 | D:8      | Identified the +2 hat of Contentment {rElec rF+ rC- Str+2}
  9111 | D:8      | Found a runed translucent gate.
  9111 | D:8      | Found a runed translucent gate.
  9111 | D:8      | Found a runed translucent gate.
  9111 | D:8      | Found a runed translucent gate.
  9111 | D:8      | Found a runed translucent gate.
  9111 | D:8      | Found a runed translucent gate.
  9111 | D:8      | Noticed a lindwurm
  9111 | D:8      | Noticed a boulder beetle
  9475 | D:9      | Paralysed by a hornet for 3 turns
  9890 | D:9      | Reached skill level 5 in Evocations
 10120 | D:10     | Entered Level 10 of the Dungeon
 10396 | D:10     | Noticed a two-headed ogre
 10417 | D:10     | Killed a two-headed ogre
 11000 | D:10     | Noticed Urug
 11155 | D:10     | Found a shimmering blue altar of Sif Muna.
 11166 | D:10     | Found a radiant altar of Vehumet.
 11168 | D:10     | Found an ornate altar of the Wu Jian Council.
 11169 | D:10     | Found a broken altar of Ashenzari.
 11672 | D:5      | Bought a scroll of revelation for 105 gold pieces
 11672 | D:5      | Bought a scroll of enchant weapon for 105 gold pieces
 11672 | D:5      | Bought a scroll of fog for 56 gold pieces
 11672 | D:5      | Bought a scroll of identify for 28 gold pieces
 11759 | D:7      | Killed a two-headed ogre
 11760 | D:7      | Reached skill level 5 in Armour
 11760 | D:7      | Reached XP level 12. HP: 85/110 MP: 11/11
 11935 | D:7      | Killed a boulder beetle
 12137 | D:7      | Became a worshipper of Warmaster Okawaru
 12413 | D:8      | Killed a boulder beetle
 12414 | D:8      | Reached skill level 5 in Dodging
 12683 | D:10     | Killed Urug
 12683 | D:10     | Reached * piety under Okawaru
 12942 | D:10     | Reached skill level 1 in Invocations
 13332 | D:11     | Noticed a boulder beetle
 13381 | D:11     | Killed a boulder beetle
 13381 | D:11     | Reached ** piety under Okawaru
 13619 | D:11     | Noticed a two-headed ogre
 13634 | D:11     | Killed a two-headed ogre
 13844 | D:11     | Found a staircase to the Orcish Mines.
 13864 | D:11     | Reached skill level 5 in Invocations
 13871 | D:11     | Found a staircase to the Lair.
 14699 | Lair:1   | Entered Level 1 of the Lair of Beasts
 14897 | Lair:1   | Noticed a death yak
 14936 | Lair:1   | Killed a death yak
 14936 | Lair:1   | Reached *** piety under Okawaru
 15731 | Lair:1   | Noticed a death yak
 15731 | Lair:1   | Noticed a death yak
 15744 | Lair:1   | Noticed a death yak
 15749 | Lair:1   | Killed a death yak
 15749 | Lair:1   | Reached **** piety under Okawaru
 15750 | Lair:1   | Reached XP level 13. HP: 114/116 MP: 18/18
 16640 | Lair:2   | Reached ***** piety under Okawaru
 17367 | Lair:2   | Reached skill level 15 in Fighting
 17877 | Lair:2   | Found a staircase to the Snake Pit.
 18217 | Lair:2   | Found a staircase to the Swamp.
 18728 | Lair:3   | Noticed Gastronok
 18768 | Lair:3   | Killed Gastronok
 18986 | Lair:3   | Identified the +2 hat of Naugogoakk {rN+ Int+3} (Okawaru
                  | gifted it to you on level 3 of the Lair of Beasts)
 18986 | Lair:3   | Received a gift from Okawaru
 19376 | Lair:3   | Reached XP level 14. HP: 133/135 MP: 19/19
 19702 | Lair:4   | Noticed Snorg
 19941 | Lair:4   | Noticed Nessos
 19959 | Lair:4   | Killed Nessos
 19960 | Lair:4   | Reached skill level 1 in Throwing
 20414 | Lair:4   | Reached ****** piety under Okawaru
 20429 | Lair:4   | Killed Snorg
 21023 | Lair:5   | Entered Level 5 of the Lair of Beasts
 21139 | Lair:5   | Found a runed translucent door.
 21140 | Lair:5   | Found a viscous altar of Jiyva.
 21142 | Lair:5   | Found a staircase to the Slime Pits.
 21174 | Lair:5   | Reached skill level 5 in Throwing
 21516 | Lair:5   | Received a gift from Okawaru
 21738 | Lair:5   | Identified the +0 cloak of the Cobbler {rElec Str+2 Int+3
                  | Dex-4} (Okawaru gifted it to you on level 5 of the Lair of
                  | Beasts)
 21738 | Lair:5   | Received a gift from Okawaru
 22148 | Lair:5   | Found a large runed translucent door.
 22462 | Lair:5   | Found a large runed translucent door.
 22975 | Orc:1    | Entered Level 1 of the Orcish Mines
 23003 | Orc:1    | Paralysed by an orc sorcerer for 2 turns
 23235 | Orc:2    | Entered Level 2 of the Orcish Mines
 23535 | Orc:2    | Found Ylimif's Antique Armour Boutique.
 24001 | Orc:2    | Found a staircase to the Elven Halls.
 24022 | Orc:2    | Reached skill level 10 in Invocations
 24539 | Orc:2    | Found Kuym's Distillery.
 24550 | Orc:2    | Bought a potion of resistance for 130 gold pieces
 24627 | Orc:2    | Reached XP level 15. HP: 111/147 MP: 21/21
 24636 | Orc:2    | Paralysed by an orc sorcerer for 2 turns
 24844 | Orc:2    | Found Aheetocaom's Antique Armour Emporium.
 24849 | Orc:2    | Found Ucoureke's Antique Weapon Shoppe.
 25166 | Elf:1    | Entered Level 1 of the Elven Halls
 25175 | Elf:1    | Reached skill level 10 in Armour
 25275 | Orc:2    | Bought a glowing plate armour for 754 gold pieces
 25324 | Orc:2    | Bought an encrusted chain mail for 275 gold pieces
 25324 | Orc:2    | Identified the +0 chain mail of the Untouchables {*Corrode
                  | rPois rF+ Str+6} (You bought it in a shop on level 2 of the
                  | Orcish Mines)
 25446 | Snake:1  | Entered Level 1 of the Snake Pit
 25459 | Snake:1  | Received a gift from Okawaru
 25745 | Snake:1  | Found a frozen archway.
 25750 | Snake:1  | HP: 6/149 [spriggan defender simulacrum (51)]
 25766 | Snake:1  | Annihilated by a spriggan defender simulacrum

Illustrated notes

Levels and vault maps discovered:
D:1:      mainiacjoe_arrival_reflecting_pool, layout_rooms,
          shapermc_ecumenical_altar_gd, nicolae_houndstooth_variations
D:2:      layout_rooms
D:3:      layout_basic, gup_sewer_entry_bubbles, serial_shops,
          nicolae_shop_behind_doors
D:4:      layout_basic, kennysheep_ying_yang, minmay_temple_entry_proselytizer,
          nicolae_elevator_lobby_asterisk
D:5:      nicolae_BIG_FREAKIN_CUBE, layout_loops_cross, serial_shops,
          nicolae_shop_mannequins, nicolae_ossuary_entry_false_entrances,
          nicolae_custom_books, amcnicky_mini_rare_corridor_liquid,
          nicolae_wooded_promenade, grunt_decor_junction, uniq_ijyb
D:6:      nicolae_cairo_tiling_very_big, layout_basic,
          mainiacjoe_overflow_surrounded_room
D:7:      minmay_blocky_corners, layout_basic, okawaru_trees_1,
          minmay_misc_feat_doors
D:8:      gammafunk_indiana_jones, layout_loops_cross,
          mainiacjoe_overflow_cross_hatched, enter_bailey_8, uniq_erica
D:9:      layout_basic
D:10:     layout_basic, minitemple, uniq_urug
D:11:     layout_roguey, grunt_lair_entry_orc_guard_hut, orc_0_dummy,
          grunt_ministairs_6
Temple:   hellmonk_temple_divided_pantheon
Lair:1:   layout_cave_pods, gammafunk_lair_bear_cave
Lair:2:   layout_hall_layers, minmay_swamp_entry_worms,
          guppyfry_snake_entry_garden
Lair:3:   layout_regular_city, uniq_gastronok
Lair:4:   layout_cave_pods, cheibrodos_lair_lostbears, lemuel_fruit_tree,
          grunt_megastairs_3, infiniplex_staircase_pool_2, uniq_nessos,
          uniq_snorg
Lair:5:   cheibrodos_lair_end_hotspot, layout_loops_ring, slime_entry_2
Snake:1:  layout_grid_shapes, portal_ice_cave_entry_ice_simulacra
Orc:1:    layout_caves
Orc:2:    grunt_orc_community_town_hall, layout_caves,
          grunt_orc_community_big_house_2, grunt_orc_community_big_house_1,
          grunt_orc_community_house_3, grunt_orc_community_house_1,
          grunt_orc_community_house_3, grunt_orc_community_house_2,
          grunt_orc_community_house_1, grunt_orc_community_house_1, basic_altar,
          hangedman_minor_magic
Elf:1:    eino_elf_arrival_the_gate, layout_onion_city,
          hangedman_corner_corridor

Skill      XL: |  1  2  3  4  5  6  7  8  9 10 11 12 13 14 15 |
---------------+----------------------------------------------+-----
Dodging        | 1 2 3 4 5 8 9 |  9.0
Fighting       | 4 5 11 15 17 | 17.8
Shields        | 4 5 |  5.0
Axes           | 3 4 6 9 12 15 17 18 | 18.0
Evocations     | 6 7 |  7.0
Armour         | 5 8 9 10 | 10.0
Invocations    | 8 10 | 10.0
Throwing       | 6 |  6.0

Action                     |  1- 3 |  4- 6 |  7- 9 | 10-12 | 13-15 || total
---------------------------+-------+-------+-------+-------+-------++-------
  Melee: War axe           |    65 |   117 |   222 |       |       ||   404
         Headbutt          |    10 |    13 |    89 |    89 |   168 ||   369
         Hand axe          |       |       |   189 |    83 |       ||   272
         Battleaxe         |       |       |       |   307 |   787 ||  1094
         Eveningstar       |       |       |       |       |    16 ||    16
 Invoke: Heroism           |       |       |       |     1 |     9 ||    10
         Finesse           |       |       |       |       |     1 ||     1
  Evoke: Wand              |       |       |       |     5 |       ||     5
    Use: Scroll            |       |       |    10 |     6 |     4 ||    20
         Potion            |       |       |       |     9 |     1 ||    10
 Armour: Scale mail        |    26 |       |       |       |       ||    26
         Chain mail        |    11 |    71 |    67 |       |       ||   149
         Plate armour      |       |       |   199 |   297 |   605 ||  1101
         Leather armour    |       |       |       |     4 |       ||     4
  Dodge: Dodged            |    34 |    42 |   124 |   119 |   508 ||   827
  Block: Buckler           |    14 |    30 |    80 |    11 |       ||   135

Table legend: (Time is in decaauts)
 A = Elapsed time spent in this place.
 B = Non-inter-level travel time spent in this place.
 C = Inter-level travel time spent in this place.
 D = Time resting spent in this place.
 E = Time spent auto-exploring this place.
 F = Levels seen in this place.
 G = Mean time per level.
                   A        B        C        D        E       F      G
               +--------+--------+--------+--------+--------+-----+--------+
         Total |  25754 |  24140 |   1614 |   4253 |  13378 |  24 | 1073.1 |
       Dungeon |  12635 |  11554 |   1081 |   1805 |   6854 |  11 | 1148.6 |
        Temple |     60 |     60 |      0 |      0 |     45 |   1 |   60.0 |
          Lair |   8207 |   7827 |    380 |   1857 |   4676 |   5 | 1641.4 |
     Snake Pit |    309 |    309 |      0 |     69 |      0 |   1 |  309.0 |
  Orcish Mines |   2348 |   2196 |    152 |    439 |    650 |   2 | 1174.0 |
   Elven Halls |     17 |     17 |      0 |      0 |      0 |   1 |   17.0 |
         Sewer |   1218 |   1218 |      0 |      0 |    885 |   1 | 1218.0 |
       Ossuary |    535 |    535 |      0 |      0 |    267 |   1 |  535.0 |
        Bailey |    421 |    421 |      0 |     83 |      0 |   1 |  421.0 |
               +--------+--------+--------+--------+--------+-----+--------+

Top non-repeatable levels by time:
  Lair:1: 2362 daAuts
    D:10: 1975 daAuts
   Orc:2: 1874 daAuts
  Lair:5: 1825 daAuts
     D:7: 1539 daAuts
  Lair:3: 1510 daAuts
     D:8: 1489 daAuts
    D:11: 1324 daAuts
  Lair:4: 1295 daAuts
   Sewer: 1218 daAuts
  Lair:2: 1213 daAuts
     D:3: 1154 daAuts
     D:5: 1114 daAuts
     D:9: 1110 daAuts
     D:4: 950 daAuts
